 Dungeon Crawl Stone Soup version 0.26-a0-1164-g1a551d6a14 (webtiles) character file.

Game seed: 7165928722677887498

1271 melloss the Covert (level 8, 0/39 HPs)
             Began as a Spriggan Enchanter on Dec 23, 2020.
             Was an Initiate of Dithmenos.
             Slain by a bullfrog (9 damage)
             ... on level 7 of the Dungeon.
             The game lasted 00:28:38 (7227 turns).

melloss the Covert (Spriggan Enchanter)             Turns: 7227, Time: 00:28:39

Health: 0/39       AC:  4    Str:  4    XL:     8   Next: 28%
Magic:  15/15      EV: 20    Int: 24    God:    Dithmenos [......]
Gold:   253        SH:  5    Dex: 17    Spells: 12/15 levels left

rFire    + . .     SeeInvis +   a - +1 dagger (venom)
rCold    . . .     Faith    .   (shield restricted)
rNeg     . . .     Spirit   .   b - +0 robe
rPois    .         Reflect  +   (helmet restricted)
rElec    .         Harm     .   c - +1 cloak
rCorr    .         Rampage  .   (gloves unavailable)
Will     +....                  (boots unavailable)
Stlth    ++++......             s - amulet of reflection
HPRegen  0.13/turn              q - ring of protection from fire
MPRegen  0.14/turn              t - +6 ring of intelligence

@: about to teleport, very quick
A: very small, unfitting armour, see invisible, speed 3
a: Renounce Religion


You were on level 7 of the Dungeon.
You worshipped Dithmenos.
Dithmenos was noncommittal.
You visited 2 branches of the dungeon, and saw 8 of its levels.

You collected 253 gold pieces.

Inventory:

Hand Weapons
 a - a +1 dagger of venom (weapon)
 r - a +0 short sword
 w - a +3 quarterstaff of chaos
 z - a +1 falchion of protection
 A - a +2 whip of electrocution
 C - a +1 dagger
 G - a +0 dagger of protection
 J - a cursed +0 quarterstaff
Missiles
 n - 75 poisoned darts (quivered)
 o - 35 sling bullets
Armour
 b - a +0 robe (worn)
 c - a +1 cloak (worn)
Jewellery
 q - a ring of protection from fire (left hand)
 s - an amulet of reflection (around neck)
 t - a +6 ring of intelligence (right hand)
 u - an uncursed ring of fire
 x - an uncursed amulet of guardian spirit
 I - an uncursed ring of attention
 N - an uncursed ring of willpower
Wands
 y - a wand of random effects (18)
Scrolls
 d - 8 scrolls of identify
 e - a scroll of amnesia {unknown}
 i - a scroll of enchant weapon
 j - 6 scrolls of teleportation
 k - a scroll of remove curse
 l - a scroll of noise {unknown}
 D - 3 scrolls of enchant armour {unknown}
 H - a scroll of random uselessness {unknown}
 M - a scroll of brand weapon {unknown}
Potions
 f - a potion of degeneration {unknown}
 g - 3 potions of haste {unknown}
 h - a potion of cancellation {unknown}
 m - 2 potions of ambrosia {unknown}
 p - 3 potions of brilliance {unknown}
 v - 2 potions of lignification {unknown}
 B - 3 potions of curing
 E - 4 potions of flight {unknown}
 F - a potion of heal wounds {unknown}
 K - a potion of might {unknown}
 L - a potion of attraction {unknown}


   Skills:
 + Level 2.1 Fighting
 - Level 5.0 Short Blades
 + Level 5.1 Dodging
 - Level 8.0 Stealth
 - Level 1.7 Shields
 - Level 4.0 Spellcasting
 * Level 7.2 Hexes
 - Level 1.2 Ice Magic


You had 12 spell levels left.
You knew the following spells:

 Your Spells              Type           Power        Failure   Level
a - Corona                Hex            43%          1%          1
b - Ensorcelled Hibernat  Hex/Ice        50%          2%          2

Your spell library contained the following spells:

 Spells                   Type           Power        Failure   Level
 Confusing Touch          Hex            39%          1%          3
 Tukima's Dance           Hex            39%          1%          3
 Dazzling Flash           Conj/Hex       44%          7%          3


Dungeon Overview and Level Annotations

Branches:
Dungeon (7/15)             Temple (1/1) D:7

Altars:
Ashenzari
Cheibriados
Dithmenos
Elyvilon
Fedhas
Hepliaklqana
Kikubaaqudgha
Makhleb
Okawaru
Ru
Trog
Uskayaw
Vehumet
Wu Jian
Xom
Yredelemnul
Zin

Shops:
D:6 [


Innate Abilities, Weirdness & Mutations

You are very small and have problems with some larger weapons.
You are too small for most types of armour.
You have supernaturally acute eyesight. (SInv)
You cover ground extremely quickly.


Message History

You barely miss the hound.
The hound is moderately wounded.
The bullfrog hits you. The howler monkey hits you. The hound barely misses you.
You hit the hound.
The hound looks as sick as possible!
The hound is moderately wounded.
You block the bullfrog's attack.
The howler monkey hoots and howls with incredible vigour!
The howler monkey misses you. The hound closely misses you.
The bullfrog closely misses you.
As you read the scroll of teleportation, it crumbles to dust.
You feel strangely unstable.
The howler monkey completely misses you.
The sky beast flickers out of sight for a moment.
The hound barely misses you. The howler monkey hits you!
* * * LOW HITPOINT WARNING * * *
The bullfrog barely misses you. The howler monkey misses you.
You feel better. The hound bites you.
* * * LOW HITPOINT WARNING * * *
The howler monkey misses you. The bullfrog hits you!
You die...

###.........# #...........## ..
#........#...#########.. ..
#........#.l........... ..
....#..........Y..........##..#
.......<....#888#.......##....#.
............8...85...>..........
....##......8.hhFro.............
... #......h8.h@8o..............
. #.<.....#888##..............
###....#....###.....).....##
#..###....#..........(....
##.##.....##..........###
###......#...#.......#
#...........#...........
###.....................
....#..............


You could see a sky beast (invisible), a bullfrog, 2 howler monkeys, an iguana,
2 hounds, a quasit, 2 orcs and a quokka.

Vanquished Creatures
  Sigmund (D:4)
  An orc warrior (D:6)
  An ogre (D:4)
  2 bullfrogs (D:6)
  A scorpion (D:6)
  3 vampire bats (D:3)
  2 howler monkeys
  Crazy Yiuf (D:2)
  A hound (D:6)
  3 orc priests
  A bullfrog skeleton (D:6)
  An iguana (D:7)
  Ijyb (D:3)
  4 worker ants
  3 gnolls (D:6)
  3 adders
  A shadow imp (D:6)
  2 white imps (D:6)
  An ufetubus (D:6)
  2 oozes
  An adder zombie (D:5)
  2 adder skeletons
  4 worms
  3 dart slugs (D:1)
  3 leopard geckos
  23 orcs
  2 ball pythons
  7 bats
  5 bat skeletons (D:3)
  A bat zombie (D:3)
  6 giant cockroaches
  7 hobgoblins
  6 jackals
  4 kobolds
  6 frilled lizards
  8 goblins
  A leopard gecko skeleton (D:5)
  6 rats
130 creatures vanquished.

Vanquished Creatures (others)
  A plant (D:1)
1 creature vanquished.

Grand Total: 131 creatures vanquished

Notes
Turn   | Place    | Note
-------+----------+-------------------------------------------
     0 | D:1      | melloss the Spriggan Enchanter began the quest for the Orb.
     0 | D:1      | Reached XP level 1. HP: 9/9 MP: 5/5
   220 | D:1      | Reached XP level 2. HP: 13/13 MP: 6/6
   240 | D:1      | Reached skill level 5 in Stealth
   420 | D:1      | Learned a level 2 spell: Ensorcelled Hibernation
   863 | D:2      | Reached XP level 3. HP: 16/16 MP: 2/8
  1582 | D:2      | Found an ornate altar of the Wu Jian Council.
  1797 | D:2      | Found a runed translucent door.
  1798 | D:2      | Noticed Crazy Yiuf
  1806 | D:2      | Killed Crazy Yiuf
  1807 | D:2      | Reached skill level 6 in Stealth
  1807 | D:2      | Reached skill level 1 in Shields
  1807 | D:2      | Reached XP level 4. HP: 21/21 MP: 6/9
  2005 | D:3      | Found a white marble altar of Elyvilon.
  2011 | D:3      | Noticed Ijyb
  2017 | D:3      | Killed Ijyb
  2018 | D:3      | Reached XP level 5. HP: 23/24 MP: 5/10
  2668 | D:3      | Reached skill level 7 in Stealth
  2909 | D:3      | Found a glowing silver altar of Zin.
  3238 | D:3      | Found an ancient bone altar of Kikubaaqudgha.
  3298 | D:3      | Reached XP level 6. HP: 19/28 MP: 9/11
  3696 | D:4      | Reached skill level 5 in Short Blades
  3696 | D:4      | Reached skill level 8 in Stealth
  4007 | D:4      | Noticed Sigmund
  4013 | D:4      | Killed Sigmund
  4014 | D:4      | Reached skill level 5 in Hexes
  4014 | D:4      | Reached XP level 7. HP: 32/32 MP: 9/14
  4325 | D:5      | Entered Level 5 of the Dungeon
  4427 | D:5      | Found a shimmering altar of Xom.
  4428 | D:5      | Found a hazy altar of Hepliaklqana.
  4428 | D:5      | Noticed an unseen horror
  4429 | D:5      | Noticed a spectral ugly thing
  4429 | D:5      | Noticed an unseen horror
  5356 | D:6      | Found Caezen's Armour Boutique.
  5695 | D:6      | Reached skill level 1 in Ice Magic
  6024 | D:6      | Reached skill level 1 in Fighting
  6091 | D:6      | Found a broken altar of Ashenzari.
  6240 | D:6      | Reached XP level 8. HP: 37/37 MP: 12/15
  6952 | D:6      | Found a sacrificial altar of Ru.
  7000 | D:7      | Found a staircase to the Ecumenical Temple.
  7036 | D:7      | Reached skill level 5 in Dodging
  7040 | Temple   | Entered the Ecumenical Temple
  7161 | Temple   | Became a worshipper of Dithmenos the Shadowed
  7227 | D:7      | Slain by a bullfrog

Illustrated notes

Levels and vault maps discovered:
D:1:      lightli_arrival_flooded_house, layout_loops_ring
D:2:      layout_basic, nicolae_overflow_hidden_temple,
          chequers_serial_rivers_micro_d, uniq_crazy_yiuf_cottage
D:3:      layout_loops_ring, zin_scriptorium, elyvilon_altar_1,
          kennysheep_vampire_church, fountainhead,
          chequers_serial_rivers_large_a, minmay_checkerbox, uniq_ijyb
D:4:      layout_basic, uniq_sigmund
D:5:      layout_cave_pods, regret_index_temple_of_mockery,
          kennysheep_generic_room_8
D:6:      layout_loops_ring, lemuel_coloured_pillars_altar, ashenzari_altar_1,
          serial_glass, glass_columns_c, glass_columns_c, glass_columns_a,
          glass_columns_a, glass_columns_b, glass_columns_b, glass_columns_a,
          glass_columns_b, serial_shops, shop
D:7:      layout_cave_pools, led_sif_book, minmay_temple_entry_statues,
          kennysheep_decorative_pillar
Temple:   nicolae_temple_figure_zero

Skill      XL: |  1  2  3  4  5  6  7  8 |
---------------+-------------------------+-----
Stealth        | 5 6 7 8 |  8.0
Short Blades   | 2 3 4 5 |  5.0
Shields        | 1 |  1.7
Spellcasting   | 4 |  4.0
Hexes          | 5 6 7 |  7.2
Ice Magic      | 1 |  1.2
Fighting       | 1 2 |  2.1
Dodging        | 4 5 |  5.1

Action                   |  1- 3 |  4- 6 |  7- 9 || total
-------------------------+-------+-------+-------++-------
Melee: Dagger            |   150 |   171 |   195 ||   516
Throw: Dart              |     9 |    10 |       ||    19
 Cast: Ensorcelled Hiber |    14 |    28 |    25 ||    67
  Use: Scroll            |       |     4 |     2 ||     6
       Potion            |       |       |     2 ||     2
 Stab: Sleeping          |    18 |    25 |    21 ||    64
Armor: Robe              |    19 |    48 |     9 ||    76
Dodge: Dodged            |   107 |   227 |   116 ||   450
Block: Other             |    10 |       |    24 ||    34
       Reflection        |     1 |       |     1 ||     2

Table legend: (Time is in decaauts)
 A = Elapsed time spent in this place.
 B = Non-inter-level travel time spent in this place.
 C = Inter-level travel time spent in this place.
 D = Time resting spent in this place.
 E = Time spent auto-exploring this place.
 F = Levels seen in this place.
 G = Mean time per level.
                   A        B        C        D        E       F      G
               +--------+--------+--------+--------+--------+-----+--------+
         Total |   5423 |   5297 |    126 |    989 |   2725 |   8 |  677.9 |
       Dungeon |   5330 |   5220 |    110 |    989 |   2659 |   7 |  761.4 |
        Temple |     92 |     76 |     16 |      0 |     66 |   1 |   92.0 |
               +--------+--------+--------+--------+--------+-----+--------+

Top non-repeatable levels by time:
     D:6: 1287 daAuts
     D:3: 1119 daAuts
     D:2: 1058 daAuts
     D:5: 730 daAuts
     D:1: 600 daAuts
     D:4: 473 daAuts
  Temple: 92 daAuts
     D:7: 61 daAuts
